 Dungeon Crawl Stone Soup version 0.27.0-1-g7a08968 (webtiles) character file.

Game seed: 8216084241235353049

91 Host24 the Bolt Thrower (level 4, 0/29 HPs)
             Began as a Kobold Hunter on Jan 25, 2022.
             Slain by Robin (4 damage)
             ... on level 3 of the Dungeon.
             The game lasted 00:05:09 (3264 turns).

Host24 the Bolt Thrower (Kobold Hunter)             Turns: 3264, Time: 00:05:11

Health: 0/29       AC:  3    Str: 10    XL:     4   Next: 88%
Magic:  4/4        EV: 15    Int: 12    God:
Gold:   119        SH:  0    Dex: 21    Spells: 3/3 levels left

rFire    . . .     SeeInvis .   s - +2 short sword (speed)
rCold    . . .     Faith    .   (shield restricted)
rNeg     . . .     Spirit   .   c - +0 leather armour
rPois    .         Reflect  .   (no helmet)
rElec    .         Harm     .   (no cloak)
rCorr    .         Rampage  .   (no gloves)
Will     .....                  (no boots)
Stlth    +++.......             (no amulet)
HPRegen  0.09/turn              l - +6 ring of dexterity
MPRegen  0.09/turn              (no ring)

@: no status effects
A: small, no large weapons, nightstalker 3
a: no special abilities


You were on level 3 of the Dungeon.
You visited 1 branch of the dungeon, and saw 3 of its levels.

You collected 119 gold pieces.

Inventory:

Hand Weapons
 a - a +1 hand crossbow
 e - a +0 hunting sling
 s - a +2 short sword of speed (weapon)
Missiles
 d - 20 bolts
 g - 125 stones (quivered)
 h - 30 arrows
 o - 40 sling bullets
 q - 4 poisoned darts
Armour
 c - a +0 leather armour (worn)
Jewellery
 l - a +6 ring of dexterity (left hand)
Scrolls
 f - a scroll of amnesia {unknown}
 j - a scroll of identify {unknown}
 m - a scroll of fog
 r - a scroll of teleportation {unknown}
Potions
 i - 2 potions of curing
 k - a potion of resistance {unknown}
 n - a potion of attraction {unknown}
 p - a potion of degeneration {unknown}


   Skills:
 + Level 3.8 Fighting
 - Level 5.3 Crossbows
 - Level 3.0 Dodging
 - Level 3.0 Stealth


You had 3 spell levels left.
You didn't know any spells.
Your spell library contained the following spells:

 Spells                   Type           Power      Damage    Failure   Level
 Freeze                   Ice            0%         1d3       41%         1
 Shock                    Conj/Air       0%         1d3       41%         1
 Frozen Ramparts          Ice            0%         1d2       80%         3
 Swiftness                Air            0%         N/A       80%         3
 Airstrike                Air            0%         N/A       99%         4
 Hailstorm                Conj/Ice       0%         3d3       99%         4


Dungeon Overview and Level Annotations

Branches:
Dungeon (3/15)

Altars:
Cheibriados

Annotations:
D:3 Robin


Innate Abilities, Weirdness & Mutations

You are small and have problems with some larger weapons.
You are completely attuned to the shadows.


Message History

You hit the goblin.
You kill the goblin!
A hobgoblin comes into view.
Robin misses you. Robin completely misses you.
Items here: ( ))) †.
You puncture Robin!
Robin is heavily wounded.
A goblin comes into view. It is wielding a +0 dagger.
Robin flexes a bicep menacingly.
Robin hits you with a +0 spear of venom!
You are lethally poisoned!
A goblin comes into view. It is wielding a +0 dagger.
You feel very sick. Robin throws the goblin at you!
Things that are here:
a +0 club; a hobgoblin corpse You hit the goblin.
The goblin is heavily wounded.
* * * LOW HITPOINT WARNING * * *
You feel sick. The goblin closely misses you.
You hit the goblin.
The goblin is severely wounded.
* * * LOW HITPOINT WARNING * * *
You feel sick.
Robin hits you from afar with a +0 spear of venom.
* * * LOW HITPOINT WARNING * * *
The hobgoblin barely misses you.
It was a potion of curing.
You feel better. The goblin hits you with a +0 dagger.
* * * LOW HITPOINT WARNING * * *
Robin barely misses you.
As you read the scroll labelled PORCHO ODAEN, it crumbles to dust.
The scroll dissolves into smoke.
It was a scroll of fog.
The goblin hits you with a +0 dagger.
* * * LOW HITPOINT WARNING * * *
The hobgoblin misses you.
Robin says, "My army is invincible!"
Robin hits you from afar with a +0 spear of venom.
You die...

##.....## #.#
......## #.#
####.##
#####.### ###
#.# #...<....
.. #.#
#.###)### #.
#.# #.# #.###
.##g##.## #.#
#.##.
..§#g##.### #.#
#....
..§g@##...###.#
####.
#####g§##.....#
## #§§####.###
# #..##..##.# #
##. #.###.# #
.# #.###.# #
#.g...# #
#####.# #.#


You could see Robin, a hobgoblin and 2 goblins.

Vanquished Creatures
  3 adders
  3 orcs
  8 ball pythons
  4 bats
  7 endoplasms
  5 giant cockroaches
  8 goblins
  5 hobgoblins
  A quokka (D:3)
  2 frilled lizards
  7 kobolds
  2 rats
55 creatures vanquished.

Notes
Turn   | Place    | Note
-------+----------+-------------------------------------------
     0 | D:1      | Host24 the Kobold Hunter began the quest for the Orb.
     0 | D:1      | Reached XP level 1. HP: 12/12 MP: 1/1
   161 | D:1      | Reached skill level 5 in Crossbows
   193 | D:1      | Found a faded altar of an unknown god.
   265 | D:1      | Reached XP level 2. HP: 17/17 MP: 2/2
  1145 | D:2      | Reached XP level 3. HP: 21/21 MP: 3/3
  2175 | D:2      | Found a snail-covered altar of Cheibriados.
  2439 | D:3      | Reached XP level 4. HP: 25/28 MP: 4/4
  2684 | D:3      | Noticed Robin
  3264 | D:3      | Slain by Robin

Illustrated notes

Levels and vault maps discovered:
D:1:      minmay_arrival_split_and_join, layout_basic,
          shapermc_ecumenical_altar_pompeii, minivault_23, chequers_arboretum
D:2:      layout_basic, basic_altar
D:3:      layout_loops_ring, kennysheep_decorative_pillar, st_stairs_7,
          uniq_robin

Skill      XL: |  1  2  3 |
---------------+----------+-----
Crossbows      | 5 |  5.3
Dodging        | 3 |  3.0
Stealth        | 2 3 |  3.0
Fighting       | 3 |  3.8

Action                   |  1- 3 |  4- 6 || total
-------------------------+-------+-------++-------
Melee: Short sword       |   119 |    64 ||   183
 Fire: Hand crossbow     |     2 |     1 ||     3
  Use: Scroll            |       |     1 ||     1
       Potion            |       |     1 ||     1
 Stab: Sleeping          |    14 |     9 ||    23
Armor: Leather armour    |    27 |     9 ||    36
Dodge: Dodged            |    90 |    33 ||   123
